 Dungeon Crawl Stone Soup version 0.28-a0-1334-g1c9ffb4daf (webtiles) character file.

Game seed: 2317913246563346906

0 Grim the Skirmisher (level 1, -8/24 HPs)
             Began as an Ogre Fighter on Dec 28, 2021.
             Mangled by a gnoll (13 damage)
             ... on level 1 of the Dungeon.
             The game lasted 00:00:24 (51 turns).

Grim the Skirmisher (Ogre Fighter)                    Turns: 51, Time: 00:00:24

Health: -8/24      AC:  3    Str: 19    XL:     1   Next: 10%
Magic:  1/1        EV: 10    Int:  9    God:
Gold:   13         SH:  0    Dex:  8    Spells: 0/0 levels left

rFire   . . .      SeeInvis .   a - +0 flail
rCold   . . .      Faith    .   (no shield)
rNeg    . . .      Spirit   .   b - +0 robe
rPois   .          Reflect  .   (helmet restricted)
rElec   .          Harm     .   (no cloak)
rCorr   .          Rampage  .   (gloves unavailable)
Will    .....                   (boots unavailable)
Stlth   +.........              (no amulet)
HPRegen 0.08/turn               (no ring)
MPRegen 0.07/turn               (no ring)

@: mighty
A: large, unfitting armour, tough skin 1
a: no special abilities


You were on level 1 of the Dungeon.
You visited 1 branch of the dungeon, and saw 1 of its levels.

You collected 13 gold pieces.

Inventory:

Hand Weapons
 a - a +0 flail (weapon)
Armour
 b - a +0 robe (worn)
Scrolls
 c - a scroll of fear {unknown}


   Skills:
 + Level 4.0 Fighting
 * Level 1.8 Maces & Flails
 - Level 2.6 Dodging
 - Level 2.6 Shields


You couldn't memorise any spells.
You didn't know any spells.
Your spell library was empty.

Dungeon Overview and Level Annotations

Branches:
Dungeon (1/15)

Altars:


Innate Abilities, Weirdness & Mutations

You are too large for most types of armour.
You have tough skin. (AC +1)


Message History

Drop what? 4/52 slots (_ for help) (? for menu, Esc to quit)
You start removing your armour.
You continue taking off your +0 kite shield. x4
You finish taking off your +0 kite shield.
You drop a +0 kite shield.
Found 13 stones.
c - a scroll labelled VUULICRIRI You see here 13 stones.
Found 21 stones.
You see here 21 stones.
You now have 13 gold pieces.
A bat comes into view.
You hit the bat.
You kill the bat!
No target in view!
No target in view!
An endoplasm and a gnoll come into view.
The gnoll shouts!
The endoplasm quivers.
You see here a bat corpse.
Found a bubbling pink potion.
You barely miss the gnoll. The gnoll closely misses you.
You closely miss the gnoll. The gnoll hits you with a +0 flail.
The gnoll closely misses you.
You sock the gnoll!
The gnoll is severely wounded.
The gnoll hits you with a +0 flail!
* * * LOW HITPOINT WARNING * * *
The endoplasm hits you but does no damage.
You see here a bat corpse.
Sorry, you're not good enough to have a special ability.
Sorry, you're not good enough to have a special ability.
You feel very mighty all of a sudden. The gnoll hits you with a +0 flail.
* * * LOW HITPOINT WARNING * * *
You closely miss the gnoll.
The gnoll is severely wounded.
The gnoll hits you with a +0 flail!
Ouch! That really hurt!
You die...

#. # #. .##. ...## #
#..## ..! #..##..# ##
#.....# .# ## #†#####
# .##. #.Jg@.###.##
#.#. #..##.#.##..####
#..#
#..##..#####...###..#
##.##..#.(#.##.##.##.
#....#.#..####(..##.
########### #######


You could see a gnoll and an endoplasm.

Vanquished Creatures
  A bat (D:1)
1 creature vanquished.

Notes
Turn   | Place    | Note
-------+----------+-------------------------------------------
     0 | D:1      | Grim the Ogre Fighter began the quest for the Orb.
     0 | D:1      | Reached XP level 1. HP: 24/24 MP: 1/1
    51 | D:1      | Mangled by a gnoll

Illustrated notes

Levels and vault maps discovered:
D:1:      dpeg_arrival_signposts, layout_basic, ebering_ecumenical_altar_rust

Action                   || total
-------------------------++-------
Melee: Flail             ||     5
  Use: Potion            ||     1
Armor: Robe              ||     1
Dodge: Dodged            ||     2

Table legend: (Time is in decaauts)
 A = Elapsed time spent in this place.
 B = Non-inter-level travel time spent in this place.
 C = Inter-level travel time spent in this place.
 D = Time resting spent in this place.
 E = Time spent auto-exploring this place.
 F = Levels seen in this place.
 G = Mean time per level.
                   A        B        C        D        E       F      G
               +--------+--------+--------+--------+--------+-----+--------+
         Total |     52 |     52 |      0 |      0 |     30 |   1 |   52.0 |
       Dungeon |     52 |     52 |      0 |      0 |     30 |   1 |   52.0 |
               +--------+--------+--------+--------+--------+-----+--------+

Top non-repeatable levels by time:
     D:1: 52 daAuts
